 Dungeon Crawl Stone Soup version 0.28.0-53-g5a82cb258f (webtiles) character file.

Game seed: 14788014726981789651

28 moldycheese5 the Conjurer (level 3, 0/19 HPs)
             Began as a Deep Elf Conjurer on June 18, 2022.
             Slain by a goblin
             ... wielding a +0 club
             ... led by Robin
              (3 damage)
             ... on level 2 of the Dungeon.
             The game lasted 00:01:07 (1338 turns).

moldycheese5 the Conjurer (Deep Elf Conjurer)       Turns: 1338, Time: 00:01:08

Health: 0/19       AC:  2    Str:  6    XL:     3   Next: 0%
Magic:  0/10       EV: 12    Int: 22    God:
Gold:   62         SH:  0    Dex: 13    Spells: 8/9 levels left

rFire   . . .      SeeInvis .   (no weapon)
rCold   . . .      Faith    .   (no shield)
rNeg    . . .      Spirit   .   a - +0 robe
rPois   .          Reflect  .   (no helmet)
rElec   .          Harm     .   (no cloak)
rCorr   .          Rampage  .   (no gloves)
Will    .....                   (no boots)
Stlth   ++........              e - amulet of the acrobat
HPRegen 0.06/turn               (no ring)
MPRegen 0.12/turn               (no ring)

@: no status effects
A: no striking features
a: no special abilities


You were on level 2 of the Dungeon.
You visited 1 branch of the dungeon, and saw 2 of its levels.

You collected 62 gold pieces.

Inventory:

Armour
 a - a +0 robe (worn)
Jewellery
 e - an amulet of the acrobat (around neck)
Scrolls
 b - a scroll of magic mapping {unknown}
Potions
 c - a potion of mutation {unknown}
 d - 2 potions of invisibility {unknown}
 f - a potion of curing {unknown}


   Skills:
 + Level 2.5 Dodging
 + Level 2.6 Stealth
 + Level 3.6 Spellcasting
 + Level 5.1 Conjurations


You had 8 spell levels left.
You knew the following spells:

 Your Spells              Type           Power      Damage    Failure   Level
a - Magic Dart            Conj           100%       1d8       1%          1

Your spell library contained the following spells:

 Spells                   Type           Power      Damage    Failure   Level
 Searing Ray              Conj           52%        2d6       2%          2
 Dazzling Flash           Conj/Hex       30%        N/A       12%         3
 Fulminant Prism          Conj/Hex       7%         3d7       38%         4
 Iskenderun's Mystic Bla  Conj/Tloc      15%        2d5       38%         4


Dungeon Overview and Level Annotations

Branches:
Dungeon (2/15)

Altars:
Kikubaaqudgha

Annotations:
D:2 Robin


Message History

The magic dart hits the goblin!
You kill the goblin!
The goblin shouts!
A hobgoblin comes into view.
Robin roars a battlecry!
The goblins go into a battle-frenzy!
You hear a shout!
The magic dart hits the hobgoblin.
The hobgoblin is heavily wounded.
A goblin comes into view. It is wielding a +0 club.
Robin laughs in a distinctly smug fashion.
The magic dart hits the hobgoblin.
You kill the hobgoblin!
The magic dart hits the goblin!
You kill the goblin!
The magic dart hits the goblin.
You kill the goblin!
Robin throws the goblin at you! The goblin hits you with a +0 club.
You have reached level 3!
Your experience leads to an increase in your attributes!
Increase (S)trength, (I)ntelligence, or (D)exterity?
You feel stronger. x2
You are too depleted to draw on your mana recklessly!
You are too depleted to draw on your mana recklessly!
You are too depleted to draw on your mana recklessly!
You don't have enough magic to cast this spell.
You don't have enough magic to cast this spell.
You don't have enough magic to cast this spell.
You hit the goblin but do no damage. The goblin closely misses you.
You hit the goblin.
The goblin is moderately wounded.
Robin throws the goblin at you! The goblin hits you with a +0 club.
The hobgoblin hits you.
* * * LOW HITPOINT WARNING * * *
You hit the goblin.
The goblin is heavily wounded.
The goblin hits you with a +0 dagger.
* * * LOW HITPOINT WARNING * * *
The goblin hits you with a +0 club.
You die...

##.......## .........#
#.......# #.......#
#.......## #........#
##........###### .
###......^......<.
....####@g.#########.....
.....gggg### #....<
.)...##### #######.....
... (..†........ g
########.... #.... #....
#.... #....


You could see Robin, a hobgoblin (strong) and 3 goblins.

Vanquished Creatures
  2 ball pythons (D:1)
  4 endoplasms (D:1)
  2 hobgoblins (D:2)
  4 jackals (D:1)
  2 quokkas (D:1)
  A frilled lizard (D:1)
  7 goblins
  2 rats (D:1)
24 creatures vanquished.

Notes
Turn   | Place    | Note
-------+----------+-------------------------------------------
     0 | D:1      | moldycheese5 the Deep Elf Conjurer began the quest for the
                  | Orb.
     0 | D:1      | Reached XP level 1. HP: 10/10 MP: 6/6
     2 | D:1      | Noticed a formicid
     2 | D:1      | Noticed a ghoul
     4 | D:1      | Noticed a demonspawn
     6 | D:1      | Noticed a minotaur
     8 | D:1      | Noticed a vampire
     8 | D:1      | Noticed a demigod
    10 | D:1      | Noticed a human
    12 | D:1      | Noticed a tengu
    14 | D:1      | Noticed a spriggan
    14 | D:1      | Noticed a naga
    16 | D:1      | Noticed a troll
    16 | D:1      | Noticed a draconian
    18 | D:1      | Noticed a dwarf
    18 | D:1      | Noticed a felid
    20 | D:1      | Noticed an elf
    22 | D:1      | Noticed a gargoyle
    22 | D:1      | Noticed a vine stalker
    24 | D:1      | Noticed an ogre
    24 | D:1      | Noticed a merfolk
    26 | D:1      | Noticed an octopode
   499 | D:1      | Reached XP level 2. HP: 15/15 MP: 1/8
  1312 | D:2      | Found an ancient bone altar of Kikubaaqudgha.
  1328 | D:2      | Noticed Robin
  1329 | D:2      | Reached skill level 5 in Conjurations
  1336 | D:2      | Reached XP level 3. HP: 14/19 MP: 0/10
  1338 | D:2      | Slain by a goblin

Illustrated notes

Levels and vault maps discovered:
D:1:      kb_arrival_jail, layout_loops_ring, patterned_corridor
D:2:      layout_rooms, basic_ecumenical_altar, basic_altar, uniq_robin

Skill      XL: |  1  2 |
---------------+-------+-----
Conjurations   | 5 |  5.1
Dodging        | |  2.5
Stealth        | |  2.6
Spellcasting   | |  3.6

Action                   || total
-------------------------++-------
Melee: Unarmed           ||     3
 Cast: Magic Dart        ||    41
Dodge: Dodged            ||     2
